 Dungeon Crawl Stone Soup version 0.25-a0-51-gc466198 (webtiles) character file.

Game seed: 12180474386610578233, levelgen mode: deterministic

165 BoppinsLewinski the Slasher (level 5, 0/45 HPs)
             Began as a Draconian Gladiator on Oct 25, 2019.
             Was an Initiate of Okawaru.
             Slain by a gnoll
             ... wielding a +0 spear
              (8 damage)
             ... on level 3 of the Dungeon.
             The game lasted 00:03:58 (2527 turns).

BoppinsLewinski the Slasher (Draconian Gladiator)   Turns: 2527, Time: 00:03:58

Health: 0/45       AC:  5    Str: 17    XL:     5   Next: 21%
Magic:  5/5        EV:  7    Int:  8    God:    Okawaru [......]
Gold:   101        SH:  0    Dex: 13    Spells: 4/4 levels left

rFire    . . .     SeeInvis .   a - +0 long sword
rCold    . . .     Gourm    .   (no shield)
rNeg     . . .     Faith    .   (armour unavailable)
rPois    .         Spirit   .   b - +0 hat
rElec    .         Reflect  .   (no cloak)
rCorr    .         Harm     .   (no gloves)
MR       .....                  (no boots)
Stlth    +.........             (no amulet)
HPRegen  0.15/turn              (no ring)
MPRegen  0.09/turn              (no ring)

@: flying, held
A: unfitting armour, cold-blooded, AC +5
a: Renounce Religion


You were on level 3 of the Dungeon.
You worshipped Okawaru.
Okawaru was noncommittal.
You were very hungry.

You visited 1 branch of the dungeon, and saw 3 of its levels.

You collected 101 gold pieces.

Inventory:

Hand Weapons
 a - a +0 long sword (weapon)
Missiles
 h - 7 boomerangs
 k - 6 javelins
Armour
 b - a +0 hat (worn)
Jewellery
 n - a +3 ring of dexterity {unknown}
 q - an uncursed ring of magical power {unknown}
 r - an uncursed ring of wizardry {unknown}
Scrolls
 e - 5 scrolls of identify {unknown}
 i - 2 scrolls of teleportation {unknown}
 m - 4 scrolls of remove curse {unknown}
 o - a scroll of blinking {unknown}
 s - a scroll of immolation {unknown}
Potions
 f - a potion of ambrosia {unknown}
 g - a potion of curing
 j - a potion of flight
 l - a potion of invisibility {unknown}
 p - a potion of brilliance {unknown}
 t - a potion of haste {unknown}
Comestibles
 d - 10 rations


   Skills:
 + Level 3.3 Fighting
 * Level 4.4 Long Blades
 + Level 2.5 Throwing
 + Level 3.4 Dodging


You had 4 spell levels left.
You didn't know any spells.
Your spell library was empty.

Dungeon Overview and Level Annotations

Branches:
Dungeon (3/15)

Altars:
Hepliaklqana
Okawaru
Zin


Innate Abilities, Weirdness & Mutations

Your plain brown scales are hard. (AC +5)
You cannot fit into any form of body armour.
You are cold-blooded and may be slowed by cold attacks.


Message History

Ye become entangled in tha net!
Ye see 'ere a throwin' net.
Okay, than.
Ye ar'n't carryin' any items tha ye can evoke.
Unknown command.
Unknown command.
It was a potion o' curin'.
Ye feel better.
It was a potion o' flight.
Ye feel very buoyant.
Ye fly up inta tha air.
Tha gnoll hits ye from afar wit' a +0 spear.
Ye tear a large gash inta tha net.
Tha gnoll hits ye from afar wit' a +0 spear.
* * * LOW HITPOINT WARNIN'
* * * Ye struggle against tha net.
Tha gnoll hits ye from afar wit' a +0 spear!
* * * LOW HITPOINT WARNIN'
* * * Ye feel better.
Tha gnoll hits ye from afar wit' a +0 spear!
Ye die...

########################
.....#........##.......#
####.#.#####.#.........#
..##.#.#####.#.#.......##
................@........>#
.###.#.#<......##)#.###.#.#
.........####.###g#.# #.#.#
.###..........# #.# # #.#.# #####
.# #......###.# #.# #.#.# #....
.# ##.#.#...#.# #.#. #.#.# #....
.####.#.#.#.#.###.#)###.#.# #....
..................#.......###....
.####...#.###.###(#.#...#...+...<


You could see a gnoll.

Vanquished Creatures
  A howler monkey (D:3)
  An adder (D:2)
  5 gnolls
  An ooze (D:2)
  A worm (D:2)
  2 dart slugs
  6 giant cockroaches
  3 goblins (D:1)
  7 hobgoblins
  3 jackals (D:1)
  2 ball pythons
  8 bats
  3 frilled lizards (D:2)
  9 kobolds
  6 rats
58 creatures vanquished.

Notes
Turn   | Place    | Note
-------+----------+-------------------------------------------
     0 | D:1      | BoppinsLewinski the Draconian Gladiator began the quest for
                  | the Orb.
     0 | D:1      | Reached XP level 1. HP: 17/17 MP: 1/1
    93 | D:1      | Reached XP level 2. HP: 20/25 MP: 2/2
   504 | D:1      | Reached XP level 3. HP: 26/30 MP: 3/3
   927 | D:2      | Found a glowing silver altar of Zin.
   938 | D:2      | Found an iron altar of Okawaru.
   944 | D:2      | Became a worshipper of Warmaster Okawaru
   970 | D:2      | Reached XP level 4. HP: 30/37 MP: 4/4
  1117 | D:2      | Reached skill level 4 in Long Blades
  1466 | D:2      | Found a hazy altar of Hepliaklqana.
  2136 | D:3      | Reached XP level 5. HP: 39/45 MP: 5/5
  2526 | D:3      | HP: 2/45 [gnoll/+0 spear (8)]
  2527 | D:3      | Slain by a gnoll

Levels and vault maps discovered:
D:1:      dpeg_arrival_rhombus, layout_basic
D:2:      layout_basic, nicolae_overflow_crystal_walls,
          overflow_temple_1_default, overflow_temple_1_default
D:3:      layout_basic, first_ration

Skill      XL: |  1  2  3  4 |
---------------+-------------+-----
Dodging        | 3 |  3.4
Throwing       | 2 |  2.5
Fighting       | 3 |  3.3
Long Blades    | 4 |  4.4

Action                   |  1- 3 |  4- 6 || total
-------------------------+-------+-------++-------
Melee: Long sword        |    72 |    51 ||   123
       Tailslap          |    10 |     9 ||    19
Throw: Throwing net      |     1 |     3 ||     4
       Javelin           |     2 |     3 ||     5
       Boomerang         |       |     1 ||     1
  Use: Potion            |       |     3 ||     3
 Stab: Distracted        |     1 |       ||     1
       Held in net/web   |     1 |     2 ||     3
  Eat: Chunk             |       |     4 ||     4
Armor: Skin              |    28 |    17 ||    45
Dodge: Dodged            |    76 |    35 ||   111
       Rpst.: Long sword |    23 |    11 ||    34

Table legend:
 A = Non-vault XP
 B = Vault XP
 C = Vault XP percentage of total XP
 D = Non-vault monster count
 E = Vault monster count
 F = Vault count percentage of total count
                 A         B        C        D         E       F
            +---------+---------+-------+---------+---------+-------
      Total |     236 |       0 |   0.0 |      58 |       0 |   0.0
            +---------+---------+-------+---------+---------+-------
        D:1 |      52 |       0 |   0.0 |      30 |       0 |   0.0
        D:2 |      89 |       0 |   0.0 |      19 |       0 |   0.0
        D:3 |      95 |       0 |   0.0 |       9 |       0 |   0.0
            +---------+---------+-------+---------+---------+-------
